 Dungeon Crawl Stone Soup version 0.29-a0-632-g781b4ac09e (webtiles) character file.

Game seed: 11505451586520905930

135 Glafi the Skirmisher (level 4, 0/42 HPs)
             Began as a Minotaur Fighter on June 19, 2022.
             Slain by an iguana (1 damage)
             ... on level 4 of the Dungeon.
             The game lasted 00:16:56 (1249 turns).

Glafi the Skirmisher (Minotaur Fighter)             Turns: 1249, Time: 00:16:57

Health: 0/42       AC:  8    Str: 22    XL:     4   Next: 96%
Magic:  3/3        EV:  9    Int:  5    God:
Gold:   77         SH:  4    Dex: 10    Spells: 3/3 levels left

rFire   . . .      SeeInvis +   a - +0 war axe
rCold   . . .      Faith    .   c - +0 buckler
rNeg    . . .      Spirit   .   b - +0 scale mail
rPois   .          Reflect  .   (helmet restricted)
rElec   .          Harm     .   o - +0 cloak
rCorr   .          Rampage  .   (no gloves)
Will    .....                   (no boots)
Stlth   ..........              (no amulet)
HPRegen 0.14/turn               n - ring of see invisible
MPRegen 0.08/turn               (no ring)

@: no status effects
A: horns 2, retaliatory headbutt
a: no special abilities


You were on level 4 of the Dungeon.
You visited 1 branch of the dungeon, and saw 3 of its levels.

You collected 77 gold pieces.

Inventory:

Hand Weapons
 a - a +0 war axe (weapon)
Armour
 b - a +0 scale mail (worn)
 c - a +0 buckler (worn)
 o - a +0 cloak (worn)
Jewellery
 n - a ring of see invisible (left hand)
Scrolls
 e - a scroll of fear {unknown}
 f - a scroll of enchant armour {unknown}
 h - 2 scrolls of brand weapon {unknown}
 l - a scroll of magic mapping {unknown}
 m - 3 scrolls of identify {unknown}
Potions
 d - a potion of might
 g - 3 potions of degeneration {unknown}
 i - a potion of flight {unknown}
 j - a potion of mutation {unknown}
 k - a potion of lignification {unknown}


   Skills:
 * Level 5.4 Fighting
 - Level 2.4 Axes
 + Level 4.7 Armour
 + Level 0.8 Dodging
 + Level 4.4 Shields


You had 3 spell levels left.
You didn't know any spells.
Your spell library was empty.

Dungeon Overview and Level Annotations

Branches:
Dungeon (2/15)

Altars:

Shops:
D:2 *


Innate Abilities, Weirdness & Mutations

You have a pair of horns on your head.
You reflexively headbutt those who attack you in melee.


Message History

You closely miss the scorpion. You headbutt the scorpion!
The scorpion is heavily wounded.
The scorpion stings you.
You barely miss the scorpion.
The scorpion is heavily wounded.
The scorpion stings you. The scorpion closely misses you.
You furiously retaliate!
You headbutt the scorpion. You hit the scorpion.
You kill the scorpion!
HP restored.
An iguana comes into view.
The iguana hisses angrily.
The iguana barely misses you. The iguana bites you.
The iguana barely misses you. The iguana bites you.
You block the iguana's attack. The iguana bites you. The iguana bites you.
The iguana bites you. The iguana barely misses you. You furiously retaliate!
You headbutt the iguana. The iguana barely misses you. The iguana misses you.
You block the iguana's attack. The iguana barely misses you.
The iguana bites you! The iguana barely misses you. The iguana bites you.
* * * LOW HITPOINT WARNING * * *
The iguana bites you.
* * * LOW HITPOINT WARNING * * *
The iguana bites you but does no damage.
The iguana barely misses you. The iguana barely misses you.
The iguana closely misses you. You furiously retaliate!
You headbutt the iguana, but do no damage.
The iguana bites you.
* * * LOW HITPOINT WARNING * * *
The iguana bites you.
You die...

.............
≈≈..≈..≈....
###≈≈≈≈≈≈P≈P≈≈
##≈≈≈≈≈≈≈≈≈≈≈≈≈
≈≈≈≈≈≈≈≈≈≈≈≈≈≈≈
≈≈≈≈≈≈≈≈≈≈≈≈. ###
######≈.≈.≈≈PP≈. ..#####
#.......@.......
......###..##..#l.####..
.#........# ##..#..#
.#....#..## #..#..##
##...###.# ##.....#
#....# #.## ##...###
#....###..## #....#
......#....###...#..#
.........#.......#..#


You could see an iguana.

Vanquished Creatures
  A scorpion (D:4)
  3 adders (D:2)
  A gnoll (D:1)
  A dart slug (D:1)
  3 ball pythons (D:1)
  5 bats
  5 endoplasms
  A giant cockroach (D:1)
  2 goblins (D:1)
  4 hobgoblins
  6 kobolds
  4 quokkas
  A frilled lizard (D:1)
  4 rats (D:1)
41 creatures vanquished.

Notes
Turn   | Place    | Note
-------+----------+-------------------------------------------
     0 | D:1      | Glafi the Minotaur Fighter began the quest for the Orb.
     0 | D:1      | Reached XP level 1. HP: 19/19 MP: 0/0
    76 | D:1      | Reached skill level 4 in Fighting
    76 | D:1      | Reached XP level 2. HP: 25/27 MP: 1/1
   137 | D:1      | Found a faded altar of an unknown god.
   336 | D:1      | Reached XP level 3. HP: 29/34 MP: 2/2
  1057 | D:2      | Reached XP level 4. HP: 40/41 MP: 3/3
  1119 | D:2      | Found Ehaeshry's General Store.
  1155 | D:2      | Reached skill level 5 in Fighting
  1162 | D:2      | You fall into a shaft and drop 2 floors!
  1190 | D:4      | Noticed a scorpion
  1196 | D:4      | Killed a scorpion
  1248 | D:4      | HP: 1/42 [iguana (4)]
  1249 | D:4      | Slain by an iguana

Illustrated notes

Levels and vault maps discovered:
D:1:      amcnicky_arrival_wind_blow, layout_basic,
          dreamdust_ecumenical_altar_angels_and_demons
D:2:      layout_basic, serial_shops, shop_coins, shop,
          nicolae_figureground_pulse
D:4:      layout_layer_cave, mainiacjoe_overflow_six_doors_small, serial_shops,
          shop, ebering_ghost_reflecting_pool, chequers_big_river, sigmund_army

Skill      XL: |  1  2  3  4 |
---------------+-------------+-----
Fighting       | 4 5 |  5.4
Armour         | 4 |  4.7
Shields        | 4 |  4.4
Axes           | |  2.4
Dodging        | |  0.8

Action                   |  1- 3 |  4- 6 || total
-------------------------+-------+-------++-------
Melee: War axe           |    81 |     8 ||    89
       Headbutt          |     7 |     1 ||     8
Armor: Scale mail        |    39 |     3 ||    42
Dodge: Dodged            |    33 |    12 ||    45
Block: Buckler           |    21 |     3 ||    24

Table legend: (Time is in decaauts)
 A = Elapsed time spent in this place.
 B = Non-inter-level travel time spent in this place.
 C = Inter-level travel time spent in this place.
 D = Time resting spent in this place.
 E = Time spent auto-exploring this place.
 F = Levels seen in this place.
 G = Mean time per level.
                   A        B        C        D        E       F      G
               +--------+--------+--------+--------+--------+-----+--------+
         Total |   1285 |   1269 |     16 |      0 |    924 |   3 |  428.3 |
       Dungeon |   1285 |   1269 |     16 |      0 |    924 |   3 |  428.3 |
               +--------+--------+--------+--------+--------+-----+--------+

Top non-repeatable levels by time:
     D:1: 810 daAuts
     D:2: 386 daAuts
     D:4: 88 daAuts
